[Event "Team 45 45 League T97"]
[Site "Internet Chess Club"]
[Date "2023.09.02"]
[Round "4"]
[White "Alec-hine"]
[Black "VictorRed"]
[Result "1-0"]
[WhiteElo "1940"]
[BlackElo "1682"]
[Opening "QGD Slav defense: exchange variation"]
[ECO "D13"]
[Time "21:10:35"]
[PlyCount "45"]
[TimeControl "2700+45"]

1. d4 d5 2. c4 c6 3. cxd5 cxd5 4. Nf3 Nc6 5. Nc3 Nf6 6. Bf4 e6 7. e3 a6 8. Bd3
h6 9. O-O Nh5 10. Be5 Nxe5 11. Nxe5 Nf6 12. Qa4+ Bd7 13. Nxd7 Nxd7 14. e4 b5 15.
Qb3 Nb6 16. a4 b4 17. a5 bxc3 18. axb6 cxb2 19. Rxa6 Rxa6 20. Bb5+ Ke7 21. Bxa6
dxe4 22. b7 Qb8 23. Qg3 {Black resigns} 1-0

[Event "Team 45 45 League T97"]
[Site "Internet Chess Club"]
[Date "2023.09.03"]
[Round "4"]
[White "Sandrotov"]
[Black "timcent"]
[Result "1/2-1/2"]
[WhiteElo "1660"]
[BlackElo "1911"]
[Opening "English opening"]
[ECO "A20"]
[Time "20:00:35"]
[PlyCount "69"]
[TimeControl "2700+45"]

1. c4 e5 2. e4 Bc5 3. g3 d6 4. Bg2 Nc6 5. Ne2 f5 6. d3 Nf6 7. Nbc3 O-O 8. Bg5 h6
9. Bxf6 Qxf6 10. Nd5 Qf7 11. O-O Nd4 12. exf5 c6 13. b4 Nxe2+ 14. Qxe2 Bd4 15.
Rab1 Bxf5 16. Ne3 Be6 17. b5 Qd7 18. Rb3 Bb6 19. Rfb1 Rf6 20. a4 Raf8 21. a5
Bxe3 22. Qxe3 c5 23. R3b2 Bg4 24. Qe4 Bf3 25. Bxf3 Rxf3 26. Rd1 R8f6 27. a6 b6
28. Qb7 Rf7 29. Kg2 Qf5 30. Qa8+ Rf8 31. Qd5+ Qf7 32. Qxf7+ R8xf7 33. Rbd2 g5
34. Re1 h5 35. h3 {Game drawn by mutual agreement} 1/2-1/2

[Event "Team 45 45 League T97"]
[Site "Internet Chess Club"]
[Date "2023.09.05"]
[Round "4"]
[White "DaveTheRook"]
[Black "THE-WARRIOR"]
[Result "1-0"]
[WhiteElo "1457"]
[BlackElo "1586"]
[Opening "QGD: exchange variation"]
[ECO "D35"]
[Time "17:00:26"]
[PlyCount "67"]
[TimeControl "2700+45"]

1. d4 d5 2. c4 e6 3. Nc3 Nf6 4. cxd5 exd5 5. Nf3 Be7 6. Bg5 c6 7. e3 Bg4 8. h3
Bh5 9. Be2 O-O 10. O-O Nbd7 11. Re1 Re8 12. a3 Qb6 13. Na4 Qc7 14. Bf4 Bd6 15.
Bxd6 Qxd6 16. Rc1 Ne4 17. Nh4 Qf6 18. Nf3 Qf5 19. Nc3 Nxc3 20. Rxc3 Qf6 21. Nh2
Bxe2 22. Qxe2 Re6 23. Qc2 Rae8 24. Nf3 Re4 25. b4 R8e6 26. b5 Qg6 27. bxc6 bxc6
28. Rc1 Qf5 29. Rxc6 h6 30. Rxe6 Qxe6 31. Qc8+ Kh7 32. Rc7 Nb6 33. Qxe6 fxe6 34.
Rxa7 {Black resigns} 1-0

[Event "Team 45 45 League T97"]
[Site "Internet Chess Club"]
[Date "2023.09.04"]
[Round "4"]
[White "julesraider"]
[Black "seattleblues"]
[Result "1-0"]
[WhiteElo "1649"]
[BlackElo "1351"]
[Opening "QGD Slav defense"]
[ECO "D10"]
[Time "09:01:30"]
[PlyCount "73"]
[TimeControl "2700+45"]

1. d4 d5 2. c4 c6 3. Nc3 dxc4 4. a4 Bf5 5. e4 Bg6 6. Bxc4 e6 7. Nf3 Bb4 8. Qc2
Nd7 9. O-O Ne7 10. Na2 Ba5 11. b4 Bc7 12. Bb2 Nf6 13. Nc3 O-O 14. Rad1 Qb8 15.
b5 cxb5 16. Bxb5 a6 17. Bc4 Rd8 18. Qe2 Bh5 19. e5 Nfd5 20. Ne4 Nc6 21. Ng3 Bxf3
22. Qxf3 Qa7 23. Qg4 Bb6 24. Nh5 g6 25. Bxd5 Rxd5 26. Nf6+ Kg7 27. Qh4 Rh8 28.
Bc1 h5 29. Nxd5 exd5 30. Qf6+ Kg8 31. e6 Rh7 32. exf7+ Rxf7 33. Qxg6+ Rg7 34.
Qe6+ Kh7 35. Qxd5 Nxd4 36. Qxh5+ Kg8 37. Rde1 {Black resigns} 1-0

[Event "Team 45 45 League T97"]
[Site "Internet Chess Club"]
[Date "2023.09.01"]
[Round "4"]
[White "Packerfan"]
[Black "Portola"]
[Result "1/2-1/2"]
[WhiteElo "1726"]
[BlackElo "1673"]
[Opening "French: Rubinstein variation"]
[ECO "C10"]
[Time "15:00:22"]
[PlyCount "106"]
[TimeControl "2700+45"]

1. e4 e6 2. d4 d5 3. Nc3 dxe4 4. Nxe4 Be7 5. Nf3 Nd7 6. Bd3 Ngf6 7. Ng3 O-O 8.
O-O b6 9. c4 Bb7 10. b3 c5 11. Bb2 Qc7 12. Qe2 Bxf3 13. Qxf3 cxd4 14. Bxd4 Rad8
15. Rad1 Nc5 16. Bb1 Rd7 17. Bb2 Rfd8 18. Rxd7 Qxd7 19. Nh5 Nxh5 20. Qxh5 f5 21.
Qe2 Qd2 22. Qxd2 Rxd2 23. Ba3 Bf6 24. Bc1 Rd7 25. Be3 g6 26. Bc2 Bc3 27. Rd1
Rxd1+ 28. Bxd1 Kg7 29. Kf1 h6 30. Ke2 e5 31. f3 Ne6 32. a3 Bb2 33. a4 Bc3 34.
Kd3 Bb4 35. Bd2 Bc5 36. b4 Bg1 37. h3 Nf4+ 38. Bxf4 exf4 39. Bb3 Kf6 40. a5 Kg5
41. a6 Kh4 42. Ke2 Be3 43. Ba4 Kg5 44. Be8 Bg1 45. Kd3 Kf6 46. c5 bxc5 47. b5
c4+ 48. Kxc4 h5 49. Kd3 h4 50. Ke2 g5 51. Bd7 Ke5 52. Bc8 Bb6 53. Bd7 Kf6 {Game
drawn by mutual agreement} 1/2-1/2

[Event "Team 45 45 League T97"]
[Site "Internet Chess Club"]
[Date "2023.09.04"]
[Round "4"]
[White "walkover"]
[Black "ivanson"]
[Result "1-0"]
[WhiteElo "1720"]
[BlackElo "1598"]
[Opening "King's Indian defense"]
[ECO "E60"]
[Time "15:00:33"]
[PlyCount "57"]
[TimeControl "2700+45"]

1. d4 Nf6 2. c4 g6 3. h4 Bg7 4. Nc3 d6 5. e4 O-O 6. Be2 e5 7. d5 Na6 8. h5 Nc5
9. hxg6 fxg6 10. Bg5 Qe8 11. Qc2 a5 12. Bh6 Ng4 13. Bxg7 Kxg7 14. Bxg4 Bxg4 15.
Qd2 Rh8 16. f3 Bd7 17. Qh6+ Kf7 18. Kd2 b5 19. cxb5 Bxb5 20. Nh3 Ba6 21. Ng5+
Kg8 22. g3 Qe7 23. Rh4 Qf6 24. Rah1 Rd8 25. Nxh7 Qf7 26. Nf6+ Qxf6 27. Qxh8+
Qxh8 28. Rxh8+ Kg7 29. R1h7+ {Black resigns} 1-0

[Event "Team 45 45 League T97"]
[Site "Internet Chess Club"]
[Date "2023.09.04"]
[Round "4"]
[White "justice02"]
[Black "ElValero"]
[Result "0-1"]
[WhiteElo "1657"]
[BlackElo "1698"]
[Opening "QGD Slav defense"]
[ECO "D10"]
[Time "10:00:17"]
[PlyCount "44"]
[TimeControl "2700+45"]

1. d4 d5 2. c4 c6 3. a4 g6 4. Nf3 Bg7 5. Nc3 Nf6 6. e3 O-O 7. Bd3 Re8 8. O-O
Nbd7 9. Rb1 a5 10. Bd2 e5 11. dxe5 Nxe5 12. Nxe5 Rxe5 13. cxd5 Nxd5 14. Be2 Bf5
15. Rc1 Nb4 16. g4 Bd3 17. Bxd3 Nxd3 18. Rc2 Qd7 19. Qf3 Nb4 20. Qd1 Nxc2 21.
Qxc2 Qxg4+ 22. Kh1 Qf3+ {White resigns} 0-1

[Event "Team 45 45 League T97"]
[Site "Internet Chess Club"]
[Date "2023.09.01"]
[Round "4"]
[White "burlap"]
[Black "RD1974"]
[Result "1/2-1/2"]
[WhiteElo "1403"]
[BlackElo "1604"]
[Opening "French: classical, Steinitz variation"]
[ECO "C14"]
[Time "20:00:11"]
[PlyCount "130"]
[TimeControl "2700+45"]

1. e4 e6 2. d4 d5 3. Nc3 Nf6 4. Bg5 Be7 5. e5 Nfd7 6. Bxe7 Qxe7 7. f4 c5 8. Nb5
O-O 9. Nc7 Nxe5 10. Nxa8 Ng6 11. Qd2 Qd6 12. Nf3 cxd4 13. Nxd4 a6 14. g3 b5 15.
Bg2 Bb7 16. O-O Bxa8 17. f5 Ne5 18. fxe6 Nc4 19. exf7+ Kh8 20. Qf4 Ne5 21. Nf5
Qb6+ 22. Qf2 Qe6 23. Nd4 Qd7 24. Rae1 Ng4 25. Qf5 Qxf5 26. Rxf5 Nf6 27. Bxd5
Bxd5 28. Rxd5 Nbd7 29. Rxd7 Nxd7 30. Re8 g6 31. Rxf8+ Nxf8 32. Nc6 Kg7 33. b3
Kxf7 34. a4 bxa4 35. bxa4 Nd7 36. a5 Ke6 37. Nb4 Nc5 38. Nd3 Nb7 39. Nb4 Nc5 40.
Kf2 Ke5 41. Kf3 g5 42. Kg4 Kf6 43. Kh5 Nb7 44. Nxa6 Nxa5 45. Kh6 Kf5 46. Kxh7
Nc4 47. c3 Ne5 48. h3 Nf3 49. c4 Ne5 50. c5 Nc6 51. h4 gxh4 52. gxh4 Kg4 53. Kg7
Kxh4 54. Kf6 Kg4 55. Ke6 Kg5 56. Kd6 Na7 57. Kc7 Kf6 58. Nb4 Ke6 59. Kb6 Nc8+
60. Kc7 Ne7 61. Nc6 Nd5+ 62. Kb7 Kd7 63. Ne5+ Kd8 64. c6 Ke7 65. Nd7 Kd8 {Game
drawn by mutual agreement} 1/2-1/2

[Event "Team 45 45 League T97"]
[Site "Internet Chess Club"]
[Date "2023.09.03"]
[Round "4"]
[White "HomerSimpson"]
[Black "janh"]
[Result "1/2-1/2"]
[WhiteElo "2000"]
[BlackElo "1938"]
[Opening "Queen's pawn, Mason variation"]
[ECO "D00"]
[Time "22:17:22"]
[PlyCount "60"]
[TimeControl "2700+45"]

1. d4 d5 2. Bf4 Nf6 3. e3 e6 4. Nd2 Bd6 5. Bg3 c6 6. Ngf3 O-O 7. Bd3 Qe7 8. Ne5
Nbd7 9. O-O c5 10. c3 Bxe5 11. dxe5 Ne8 12. Qh5 g6 13. Qh6 f5 14. exf6 Nexf6 15.
e4 Qg7 16. Qh3 Re8 17. Rae1 Nf8 18. Be5 N8d7 19. exd5 Nxe5 20. Rxe5 exd5 21.
Rxe8+ Nxe8 22. Qe3 Qf8 23. Re1 Bd7 24. Qg5 Qd6 25. Nf3 Ng7 26. Qe7 Qxe7 27. Rxe7
Rd8 28. Ne5 Bc8 29. f4 Re8 30. Rxe8+ Nxe8 {Game drawn by mutual agreement}
1/2-1/2

[Event "Team 45 45 League T97"]
[Site "Internet Chess Club"]
[Date "2023.09.02"]
[Round "4"]
[White "Portola"]
[Black "primerpaso"]
[Result "0-1"]
[WhiteElo "1683"]
[BlackElo "1777"]
[Opening "Queen's pawn game"]
[ECO "A46"]
[Time "16:00:56"]
[PlyCount "88"]
[TimeControl "2700+45"]

1. d4 Nf6 2. Nf3 e6 3. c3 d5 4. Bg5 Be7 5. e3 O-O 6. Nbd2 Nbd7 7. Bd3 b6 8. O-O
Bb7 9. Re1 Ne4 10. Bf4 f5 11. Bxe4 fxe4 12. Ne5 Nxe5 13. Bxe5 Bf6 14. Qg4 Qe7
15. Nf1 Bxe5 16. dxe5 Rf5 17. h4 Raf8 18. Re2 Ba6 19. Rd2 Bxf1 20. Rxf1 Rxe5 21.
a3 Rf6 22. g3 Rg6 23. Qh3 Rh5 24. Kh2 Rgh6 25. Kg2 g5 26. Qg4 Qg7 27. Rh1 gxh4
28. Qxg7+ Kxg7 29. gxh4 Rxh4 30. Rxh4 Rxh4 31. c4 Rh5 32. b4 Rg5+ 33. Kh2 c6 34.
c5 bxc5 35. bxc5 Kf6 36. Rb2 e5 37. Rb7 Rg7 38. Rb4 Rd7 39. Rb8 d4 40. Rc8 d3
41. Rxc6+ Kf5 42. Rd6 Rxd6 43. cxd6 d2 44. d7 d1=Q {White resigns} 0-1

[Event "Team 45 45 League T97"]
[Site "Internet Chess Club"]
[Date "2023.09.05"]
[Round "4"]
[White "ElValero"]
[Black "fishhead"]
[Result "0-1"]
[WhiteElo "1681"]
[BlackElo "1697"]
[Opening "Grünfeld: Russian variation"]
[ECO "D81"]
[Time "12:00:20"]
[PlyCount "61"]
[TimeControl "2700+45"]

1. d4 Nf6 2. c4 g6 3. Nc3 d5 4. Qb3 dxc4 5. Qxc4 Nbd7 6. Bf4 Nb6 7. Qxc7 Be6 8.
Qxd8+ Rxd8 9. Nf3 Nh5 10. Bc7 Rc8 11. Bxb6 axb6 12. d5 Bd7 13. Ne5 Bg7 14. Nxd7
Rxc3 15. Nxb6 Rc2 16. Na4 b5 17. Kd1 Rc7 18. Nc3 b4 19. Nb5 Rc5 20. e4 Kd7 21.
Rc1 Rhc8 22. Rxc5 Rxc5 23. b3 f5 24. f3 fxe4 25. fxe4 Nf6 26. Bd3 Ng4 27. Ke2
Ne5 28. Nd4 Nxd3 29. Kxd3 Rc3+ 30. Kd2 Bxd4 31. a3 {White resigns} 0-1

[Event "Team 45 45 League T97"]
[Site "Internet Chess Club"]
[Date "2023.09.02"]
[Round "4"]
[White "fileman"]
[Black "Alec-hine"]
[Result "0-1"]
[WhiteElo "1788"]
[BlackElo "1934"]
[Opening "French: Winawer (Nimzovich) variation"]
[ECO "C15"]
[Time "13:04:16"]
[PlyCount "38"]
[TimeControl "2700+45"]

1. d4 d5 2. Nc3 e6 3. e4 Bb4 4. exd5 exd5 5. Bd3 Nf6 6. Ne2 O-O 7. O-O Bg4 8. f3
Bh5 9. Bg5 c6 10. Nf4 Bg6 11. Bxg6 hxg6 12. Qd3 Nbd7 13. Nce2 Re8 14. Ng3 Qc7
15. c3 Bd6 16. Nfe2 Re6 17. Rfe1 Rae8 18. Bd2 c5 19. Nf1 c4 {White resigns} 0-1

[Event "Team 45 45 League T97"]
[Site "Internet Chess Club"]
[Date "2023.09.01"]
[Round "4"]
[White "MichaelIC"]
[Black "Redman1"]
[Result "1-0"]
[WhiteElo "2076"]
[BlackElo "1550"]
[Opening "Nimzo-Indian: Reshevsky variation"]
[ECO "E46"]
[Time "14:01:13"]
[PlyCount "83"]
[TimeControl "2700+45"]

1. d4 Nf6 2. c4 e6 3. Nc3 Bb4 4. e3 O-O 5. Ne2 d5 6. a3 Be7 7. cxd5 exd5 8. Nf4
c6 9. Bd3 Re8 10. O-O Nbd7 11. f3 Nf8 12. Bc2 Ne6 13. Nfe2 c5 14. dxc5 Bxc5 15.
Nb5 Qb6 16. Nbd4 Nxd4 17. exd4 Be7 18. Qd3 g6 19. g4 Bf8 20. Kg2 Bg7 21. Nc3 Be6
22. Bf4 Nd7 23. Rfd1 Rac8 24. Rab1 Qc6 25. h4 Qc4 26. Qd2 b5 27. Bd3 Qxd4 28.
Nxb5 Qb6 29. Nd6 Be5 30. Nxe8 Rxe8 31. Re1 Bg7 32. b4 Nf6 33. Be5 Qb7 34. Qb2
Qe7 35. Rbc1 Rd8 36. Rc7 Rd7 37. Rxd7 Bxd7 38. Qd4 Bc6 39. Re2 Qd8 40. b5 Ba8
41. Qxa7 d4 42. Qxd4 {Black resigns} 1-0

[Event "Team 45 45 League T97"]
[Site "Internet Chess Club"]
[Date "2023.09.03"]
[Round "4"]
[White "stantheman59"]
[Black "Egmont"]
[Result "0-1"]
[WhiteElo "1125"]
[BlackElo "1577"]
[Opening "Queen's bishop game"]
[ECO "D00"]
[Time "10:00:35"]
[PlyCount "50"]
[TimeControl "2700+45"]

1. d4 d5 2. Bf4 Nf6 3. Nf3 c5 4. e3 cxd4 5. exd4 e6 6. c3 Nc6 7. Bd3 Bd6 8. Bg5
O-O 9. Qc2 h6 10. Bh4 e5 11. dxe5 Nxe5 12. Be2 Nxf3+ 13. Bxf3 Re8+ 14. Be2 Qe7
15. h3 Bf5 16. Qd1 Qe4 17. Bxf6 Qxg2 18. Rf1 Bxh3 19. Kd2 Bf4+ 20. Kc2 Rxe2+ 21.
Nd2 Rxd2+ 22. Qxd2 Bxd2 23. Kxd2 Qf3 24. Rh1 Qxf2+ 25. Kd3 Bf5# {White
checkmated} 0-1

[Event "Team 45 45 League T97"]
[Site "Internet Chess Club"]
[Date "2023.09.02"]
[Round "4"]
[White "Sandrotov"]
[Black "ElValero"]
[Result "1/2-1/2"]
[WhiteElo "1650"]
[BlackElo "1683"]
[Opening "English opening"]
[ECO "A13"]
[Time "13:00:19"]
[PlyCount "49"]
[TimeControl "2700+45"]

1. c4 e6 2. Nc3 f5 3. g3 Nf6 4. Bg2 c6 5. d4 d5 6. c5 b5 7. a4 b4 8. Na2 a5 9.
Bg5 Be7 10. Nf3 Nbd7 11. O-O O-O 12. Nc1 Ba6 13. Bxf6 Bxf6 14. Nd3 Bxd3 15. Qxd3
g6 16. Nd2 e5 17. e3 Bg7 18. f4 e4 19. Qe2 Nf6 20. h3 Ne8 21. g4 h6 22. Qf2 fxg4
23. hxg4 Nf6 24. Bh3 Nh7 25. Qg3 {Game drawn by mutual agreement} 1/2-1/2

[Event "Team 45 45 League T97"]
[Site "Internet Chess Club"]
[Date "2023.09.01"]
[Round "4"]
[White "julesraider"]
[Black "QuieroAprender"]
[Result "1/2-1/2"]
[WhiteElo "1635"]
[BlackElo "1586"]
[Opening "King's Indian: 4.e4"]
[ECO "E70"]
[Time "19:36:48"]
[PlyCount "103"]
[TimeControl "2700+45"]

1. d4 Nf6 2. c4 g6 3. Nc3 Bg7 4. e4 O-O 5. e5 Ne8 6. Nf3 c6 7. Be2 Nc7 8. O-O d6
9. Bf4 Bg4 10. Qb3 b6 11. Rfd1 d5 12. Rac1 e6 13. Bg5 Qd7 14. a4 h6 15. Be3 g5
16. a5 dxc4 17. Qxc4 b5 18. Qb3 a6 19. Ne4 Nd5 20. Nc5 Qe7 21. h3 Bh5 22. Ne4
Bg6 23. Nd6 Rd8 24. Bd2 Ra7 25. Bb4 Qd7 26. Bc5 Rc7 27. Nd2 Bf8 28. Bd3 Bxd6 29.
Bxd6 Rb7 30. Bxg6 fxg6 31. Ne4 Qf7 32. Nc5 Ra7 33. Ne4 Ne7 34. Nf6+ Kg7 35. Qa3
Nf5 36. Bxb8 Rxb8 37. Rxc6 Ne7 38. Rc5 Rd8 39. Qc3 Nd5 40. Nxd5 Rxd5 41. Rxd5
exd5 42. Rc1 Qf5 43. Qc5 Rf7 44. Rc2 g4 45. hxg4 Qxg4 46. f3 Rxf3 47. Qxd5 Rf7
48. Qc5 Qd1+ 49. Kh2 Qh5+ 50. Kg1 Qd1+ 51. Kh2 Qh5+ 52. Kg1 {Game drawn by
mutual agreement} 1/2-1/2

[Event "Team 45 45 League T97"]
[Site "Internet Chess Club"]
[Date "2023.09.02"]
[Round "4"]
[White "kabindra"]
[Black "jjmolina1"]
[Result "1-0"]
[WhiteElo "1695"]
[BlackElo "1469"]
[Opening "Bishop's opening: Ponziani gambit"]
[ECO "C24"]
[Time "12:24:20"]
[PlyCount "99"]
[TimeControl "2700+45"]

1. e4 e5 2. Bc4 Nf6 3. d4 Nxe4 4. dxe5 Bc5 5. Qd5 Qh4 6. g3 Bxf2+ 7. Kf1 Qg4 8.
Bf4 Qg6 9. Bd3 Bxg1 10. Bxe4 Qb6 11. Rxg1 Qxb2 12. Qb3 Qxa1 13. Bxb7 Bxb7 14.
Qxb7 O-O 15. Qxa8 Qxb1+ 16. Kg2 Nc6 17. Qxf8+ Kxf8 18. Rxb1 Ke7 19. Rb7 Kd8 20.
c3 Kc8 21. Rb5 a6 22. Rc5 Kd8 23. Rc4 h6 24. h4 Ke7 25. Re4 Ke6 26. Kf3 h5 27.
Ke3 a5 28. Kd3 Nd8 29. Rc4 Nc6 30. Rc5 Kf5 31. Kc4 g6 32. Kb5 Ke6 33. Ka6 a4 34.
Kb7 Ne7 35. Ra5 Nd5 36. c4 Nb6 37. Rc5 a3 38. Kxc7 Na4 39. Ra5 Nb2 40. Rxa3 Nxc4
41. Ra6+ Kd5 42. Rf6 Nxe5 43. Bxe5 Kxe5 44. Rxf7 d5 45. a4 d4 46. a5 d3 47. Rd7
Ke4 48. a6 Ke3 49. a7 d2 50. a8=Q {Black forfeits on time} 1-0

[Event "Team 45 45 League T97"]
[Site "Internet Chess Club"]
[Date "2023.09.02"]
[Round "4"]
[White "Gilguli"]
[Black "rjhoro"]
[Result "1-0"]
[WhiteElo "1468"]
[BlackElo "1197"]
[Opening "Caro-Kann defense"]
[ECO "B11"]
[Time "16:13:32"]
[PlyCount "95"]
[TimeControl "2700+45"]

1. e4 c6 2. Nc3 d5 3. e5 e6 4. f4 Ne7 5. Nf3 Nf5 6. g3 f6 7. d4 c5 8. Ne2 cxd4
9. Nexd4 Nxd4 10. Nxd4 fxe5 11. Bb5+ Bd7 12. Bxd7+ Nxd7 13. fxe5 Nxe5 14. Qh5+
Nf7 15. Nxe6 Qe7 16. Qxd5 Rd8 17. Qe4 Rd6 18. Nc7+ Kd7 19. Qxe7+ Bxe7 20. Nb5
Re6+ 21. Kf2 Bc5+ 22. Kg2 Re2+ 23. Kf3 Rf2+ 24. Kg4 Ne5+ 25. Kh3 Rhf8 26. Bf4
Ng6 27. Rad1+ Kc6 28. Nd4+ Bxd4 29. Rxd4 Nxf4+ 30. Rxf4 R8xf4 31. gxf4 Rxc2 32.
Rb1 Rc4 33. Kg3 h5 34. b3 Rc3+ 35. Kh4 g6 36. Kg5 Rf3 37. Rc1+ Kb6 38. Rc2 h4
39. Kxh4 Rxf4+ 40. Kg5 Rf1 41. Kxg6 Rf4 42. Kg5 Rf7 43. h4 a5 44. Kg6 Re7 45. h5
Re6+ 46. Kf5 Rd6 47. Re2 Rd5+ 48. Re5 {Black resigns} 1-0

[Event "Team 45 45 League T97"]
[Site "Internet Chess Club"]
[Date "2023.08.31"]
[Round "4"]
[White "elmaestro"]
[Black "Gojira"]
[Result "1-0"]
[WhiteElo "1584"]
[BlackElo "1610"]
[Opening "Queen's pawn: stonewall attack"]
[ECO "D00"]
[Time "19:35:50"]
[PlyCount "99"]
[TimeControl "2700+45"]

1. d4 d5 2. e3 Nf6 3. Bd3 Bg4 4. f3 Bh5 5. g4 Bg6 6. g5 Nh5 7. f4 e6 8. Nf3 Nc6
9. Bxg6 hxg6 10. a3 Ng3 11. Rg1 Ne4 12. Qd3 f5 13. Bd2 Rh3 14. Qe2 Qd6 15. Nc3
a6 16. Qg2 Rh5 17. Nd1 Be7 18. Nf2 O-O-O 19. Nd3 Rdh8 20. O-O-O Qd8 21. Rh1 Bd6
22. h4 b6 23. Be1 Qd7 24. Qe2 Na7 25. Nde5 Qa4 26. Qd3 Nb5 27. Qb3 Qxb3 28. cxb3
Bxe5 29. Nxe5 c5 30. Nxg6 Re8 31. Ne5 cxd4 32. exd4 Kb7 33. Rh2 Na7 34. Rc2 Rc8
35. Rxc8 Nxc8 36. Kb1 Ncd6 37. Rc1 Nb5 38. Nf3 Rh8 39. a4 Na7 40. Ne5 Rc8 41.
Rxc8 Kxc8 42. h5 Kc7 43. Kc2 Nc6 44. Nxc6 Kxc6 45. Bb4 Kd7 46. Bf8 Ke8 47. Bxg7
Kf7 48. Be5 Ng3 49. g6+ Kg8 50. h6 {Black resigns} 1-0

[Event "Team 45 45 League T97"]
[Site "Internet Chess Club"]
[Date "2023.09.04"]
[Round "4"]
[White "Rookmaster"]
[Black "Manch"]
[Result "1-0"]
[WhiteElo "1544"]
[BlackElo "1354"]
[Opening "Rousseau gambit"]
[ECO "C50"]
[Time "09:00:24"]
[PlyCount "93"]
[TimeControl "2700+45"]

1. e4 e5 2. Nf3 Nc6 3. Bc4 f5 4. d4 Nf6 5. dxe5 Nxe4 6. Nc3 Bb4 7. O-O Nxc3 8.
bxc3 Bxc3 9. Qd5 Qe7 10. Bg5 Qf8 11. Rad1 h6 12. Be3 Nb4 13. Qb5 a6 14. Qa4 c6
15. Qb3 b5 16. Qxc3 bxc4 17. Qxc4 Nd5 18. Bc5 Qf7 19. Rfe1 Ne7 20. e6 dxe6 21.
Bxe7 Qxe7 22. Qxc6+ Kf7 23. Qxa8 Rd8 24. Rxd8 Qxd8 25. Qc6 g5 26. Ne5+ Kf6 27.
Qc3 Qd5 28. Qxc8 Ke7 29. Qc7+ Ke8 30. Qc6+ Qxc6 31. Nxc6 Kd7 32. Nb8+ Kd6 33.
Nxa6 e5 34. Nb4 e4 35. f3 exf3 36. gxf3 Kc5 37. Nd3+ Kd4 38. Re5 Kc3 39. Rxf5
Kxc2 40. Nf2 Kb2 41. Rf6 Kxa2 42. Rxh6 Kb2 43. Rg6 Kc3 44. Rxg5 Kd4 45. Rg4+ Ke5
46. h4 Kf5 47. h5 {Black resigns} 1-0

[Event "Team 45 45 League T97"]
[Site "Internet Chess Club"]
[Date "2023.09.02"]
[Round "4"]
[White "burlap"]
[Black "BlueStorm"]
[Result "1-0"]
[WhiteElo "1423"]
[BlackElo "1469"]
[Opening "Queen's pawn: London system"]
[ECO "A45"]
[Time "20:00:22"]
[PlyCount "129"]
[TimeControl "2700+45"]

1. d4 Nf6 2. Bf4 c6 3. e3 Qb6 4. b3 d6 5. h3 g5 6. Bh2 Bf5 7. Nf3 Ne4 8. Bd3
Qb4+ 9. Nbd2 Nc3 10. Qc1 Bxd3 11. cxd3 h6 12. a3 Qb6 13. Qxc3 Bg7 14. O-O Nd7
15. Nc4 Qd8 16. Rfe1 O-O 17. e4 c5 18. e5 cxd4 19. Nxd4 Rc8 20. exd6 e5 21. Nb5
Nb6 22. Nxa7 Rc5 23. Qb4 Rd5 24. Nxb6 Rxd3 25. Rad1 Rd4 26. Rxd4 exd4 27. Rd1
Re8 28. Kf1 Re6 29. Rxd4 Bxd4 30. Qxd4 Qe8 31. Qc3 f6 32. d7 Qe7 33. d8=Q+ Qxd8
34. Qc8 Qxc8 35. Nbxc8 Kf7 36. Nb5 Rc6 37. Nca7 Rc5 38. b4 Rc2 39. Nd6+ Ke6 40.
Nxb7 f5 41. Nc5+ Kd5 42. Na4 Kc4 43. Nb6+ Kd3 44. g3 Ke4 45. b5 Kf3 46. Ke1 Rxf2
47. Nc4 Rxh2 48. Nd2+ Kg2 49. b6 Rh1+ 50. Ke2 Rh2 51. b7 Kxg3+ 52. Kd1 Rxh3 53.
b8=Q+ f4 54. Qb3+ Kg4 55. Qe6+ Kg3 56. Qe1+ Kg2 57. Qf1+ Kg3 58. Ne4+ Kh4 59.
Qf2+ Kh5 60. Nc6 Rxa3 61. Ne5 Ra1+ 62. Ke2 Ra2+ 63. Nd2 f3+ 64. Qxf3+ g4 65.
Qxg4# {Black checkmated} 1-0

[Event "Team 45 45 League T97"]
[Site "Internet Chess Club"]
[Date "2023.09.03"]
[Round "4"]
[White "CMAlge"]
[Black "oldprez1"]
[Result "1-0"]
[WhiteElo "1414"]
[BlackElo "1263"]
[Opening "Queen's pawn game"]
[ECO "A45"]
[Time "10:01:08"]
[PlyCount "59"]
[TimeControl "2700+45"]

1. d4 Nf6 2. Nc3 g6 3. Bf4 Bg7 4. e4 d6 5. Qd2 Nbd7 6. O-O-O O-O 7. e5 Nh5 8.
Bh6 dxe5 9. Bxg7 Nxg7 10. dxe5 e6 11. h4 Qe7 12. f4 Rd8 13. Be2 h5 14. g4 f5 15.
exf6 Qxf6 16. Ne4 Qe7 17. gxh5 gxh5 18. Nh3 Rf8 19. Nhg5 Nf6 20. Qd3 Nxe4 21.
Qxe4 Nf5 22. Rhg1 Bd7 23. Nxe6+ Kh7 24. Ng5+ Kh6 25. Qxe7 Nxe7 26. Rxd7 Rae8 27.
Rxc7 Rxf4 28. Rxb7 Rxh4 29. Nf7+ Kh7 30. Bd3+ {Black resigns} 1-0

[Event "Team 45 45 League T97"]
[Site "Internet Chess Club"]
[Date "2023.09.04"]
[Round "4"]
[White "KidRattler"]
[Black "fhunfi"]
[Result "0-1"]
[WhiteElo "1662"]
[BlackElo "1677"]
[Opening "French defense, Steiner variation"]
[ECO "C00"]
[Time "20:00:45"]
[PlyCount "144"]
[TimeControl "2700+45"]

1. e4 e6 2. c4 d5 3. cxd5 exd5 4. exd5 Nf6 5. Nc3 Be7 6. Nf3 O-O 7. Be2 Nbd7 8.
d4 Nb6 9. Qb3 Nfxd5 10. O-O c6 11. Be3 Be6 12. Nxd5 Bxd5 13. Qc2 Bf6 14. Rfd1 g6
15. b3 Bg7 16. Rac1 Re8 17. Qd2 Nd7 18. Ne1 Qe7 19. Bc4 Nb6 20. Nd3 Red8 21. Nc5
f6 22. Qc3 Qf7 23. a4 a5 24. f3 Bf8 25. Bxd5 Nxd5 26. Qd2 b6 27. Ne4 Rac8 28.
Bf2 Nb4 29. Qb2 Be7 30. Rc4 f5 31. Nc3 Bf6 32. Na2 Nxa2 33. Qxa2 Rd5 34. Rdc1
Qd7 35. Qc2 Bxd4 36. Bxd4 Rxd4 37. Rxc6 Rxc6 38. Qxc6 Rd1+ 39. Kf2 Qd2+ 40. Kg3
Qe1+ 41. Kh3 Rxc1 42. Qd5+ Kg7 43. Qd4+ Kf7 44. Qd7+ Qe7 45. Qd5+ Qe6 46. Qd2
f4+ 47. g4 fxg3+ 48. Kg2 Re1 49. Qf4+ Kg8 50. Qb8+ Qe8 51. Qxb6 gxh2 52. Kxh2
Qe5+ 53. Kg2 Qg5+ 54. Kf2 Qh4+ 55. Kg2 Qh1+ 56. Kg3 Qg1+ 57. Qxg1 Rxg1+ 58. Kf4
Rb1 59. Kg5 Kg7 60. f4 h6+ 61. Kg4 Rxb3 62. f5 Rb4+ 63. Kf3 g5 64. f6+ Kxf6 65.
Ke3 g4 66. Ke2 Rb3 67. Kf2 Kf5 68. Kg2 Kf4 69. Kh2 Rb2+ 70. Kg1 Kf3 71. Kh1 Kg3
72. Kg1 Rb1# {White checkmated} 0-1

[Event "Team 45 45 League T97"]
[Site "Internet Chess Club"]
[Date "2023.08.31"]
[Round "4"]
[White "BrerRabbit"]
[Black "fireball"]
[Result "0-1"]
[WhiteElo "1357"]
[BlackElo "1520"]
[Opening "Old Benoni defense"]
[ECO "A46"]
[Time "11:02:58"]
[PlyCount "56"]
[TimeControl "2700+45"]

1. d4 Nf6 2. Nf3 c5 3. d5 b5 4. c3 Bb7 5. e4 Nxe4 6. Bxb5 Qa5 7. Bc4 d6 8. O-O
Nd7 9. Re1 Nef6 10. Bb3 Qc7 11. c4 Nb6 12. Na3 a6 13. Bc2 g6 14. b3 Bg7 15. Bb2
O-O 16. Re2 Rae8 17. Qe1 Qd7 18. Rd1 e6 19. dxe6 fxe6 20. Ba1 Nc8 21. Nb1 Bxf3
22. gxf3 Nh5 23. Bxg7 Kxg7 24. Qc3+ Rf6 25. Be4 e5 26. Qe3 Nf4 27. Red2 Qh3 28.
Nc3 Qg2# {White checkmated} 0-1

[Event "Team 45 45 League T97"]
[Site "Internet Chess Club"]
[Date "2023.09.04"]
[Round "4"]
[White "vollmerj"]
[Black "BIRDSMAN"]
[Result "1-0"]
[WhiteElo "1543"]
[BlackElo "1351"]
[Opening "Réti: King's Indian attack (Barcza system)"]
[ECO "A07"]
[Time "19:09:51"]
[PlyCount "51"]
[TimeControl "2700+45"]

1. Nf3 d5 2. g3 Nf6 3. Bg2 c5 4. d4 cxd4 5. Nxd4 Nc6 6. O-O e6 7. b3 Be7 8. Bb2
O-O 9. Nd2 Qb6 10. Nxc6 bxc6 11. c4 Bb7 12. cxd5 cxd5 13. Rc1 Rac8 14. e3 Rfd8
15. Bd4 Qd6 16. Bxa7 Rxc1 17. Qxc1 Rc8 18. Qb2 Qa6 19. Bd4 Ba3 20. Qb1 Nd7 21.
Bb2 Qd6 22. Rc1 Ra8 23. Nf3 Bxb2 24. Qxb2 Qa6 25. Rc7 Nc5 26. Rxc5 {Black
resigns} 1-0